 Dungeon Crawl Stone Soup version 0.20.1-1-g8b1a95d (webtiles) character file.

63 Heskey the Skirmisher (level 4, -6/44 HPs)
             Began as a Naga Fighter on Nov 2, 2017.
             Mangled by a gnoll
             ... wielding a +0 halberd
              (12 damage)
             ... on level 2 of the Dungeon.
             The game lasted 00:01:42 (1528 turns).

Heskey the Skirmisher (Naga Fighter)                Turns: 1528, Time: 00:01:42

Health: -6/44      AC:  5    Str: 19    XL:     4   Next: 9%
Magic:  4/4        EV:  5    Int:  9    God:
Gold:   45         SH:  8    Dex: 10    Spells: 3/3 levels left

rFire    . . .     SeeInvis +   a - +0 trident
rCold    . . .     Gourm    .   c - +0 shield
rNeg     . . .     Faith    .   b - +0 scale mail
rPois    +         Spirit   .   (no helmet)
rElec    .         Reflect  .   (no cloak)
rCorr    .         Harm     .   (no gloves)
MR       .....                  (no barding)
Stlth    ..........             (no amulet)
Regen    0.2/turn               (no ring)
MPRegen  0.1/turn               (no ring)

@: very slow
A: see invisible, deformed body, poison resistance, slowness 2, slow metabolism
1, spit poison 1, AC +1
a: Spit Poison


You were on level 2 of the Dungeon.
You were not hungry.

You visited 1 branch of the dungeon, and saw 2 of its levels.

You collected 45 gold pieces.

Inventory:

Hand Weapons
 a - a +0 trident (weapon)
Armour
 b - a +0 scale mail (worn)
 c - a +0 shield (worn)
Scrolls
 e - a scroll of random uselessness {unknown}
 g - a scroll of recharging {unknown}
 h - a scroll of identify {unknown}
 k - a scroll of enchant weapon {unknown}
 m - a scroll of immolation {unknown}
Potions
 d - a potion of might
 l - a potion of curing
Comestibles
 f - a bread ration
 i - a royal jelly
 j - a meat ration


   Skills:
 * Level 4.0 Fighting
 + Level 2.6 Polearms
 + Level 2.6 Armour
 + Level 2.7 Shields


You had 3 spell levels left.
You didn't know any spells.

Dungeon Overview and Level Annotations

Branches:
Dungeon (2/15)

Altars:


Innate Abilities, Weirdness & Mutations

You cannot wear boots.
Your serpentine skin is tough. (AC +1)
You have supernaturally acute eyesight. (SInv)
Armour fits poorly on your strangely shaped body.
Your system is resistant to poisons. (rPois)
You cover ground very slowly.
You have a slow metabolism.
You can spit poison.


Message History

You have got your breath back.
The gnoll barely misses you. The gnoll hits you but does no damage.
You see here a worm corpse.
You closely miss the gnoll. The gnoll hits you but does no damage.
You closely miss the gnoll. You block the gnoll's attack.
You hit the gnoll.
The gnoll is lightly wounded.
The gnoll hits you but does no damage.
Your scale mail prevents you from hitting the gnoll.
The gnoll is lightly wounded.
You block the gnoll's attack. The gnoll hits you with a halberd!
* * * LOW HITPOINT WARNING * * *
You closely miss the gnoll.
The gnoll is lightly wounded.
The gnoll hits you with a halberd.
* * * LOW HITPOINT WARNING * * *
You block the gnoll's attack.
The gnoll hits you from afar with a halberd!
You die...

#.# #.# #....## #.#
#.# #.#### #.# ##
#.# #.# #.# #. ..#
#.# #. ### #.# #.
#.# ..####.######
#.# ....?...†g..#
#.# ...###.####@#
#.# # #. #.# #.# #.
#.####.####.#
#..###.#.......#(#
#
.......#.##.##.#>#
#.#..
#....##.##.#.#
#.#..
#...###....#.#
...#####.)...#..#.#
#<..#...###....#.#


You could see a gnoll.

Vanquished Creatures
  2 gnolls (D:2)
  2 adders (D:2)
  An ooze (D:1)
  A worm (D:2)
  A leopard gecko (D:2)
  2 bats (D:1)
  A goblin (D:1)
  2 hobgoblins
  2 frilled lizards (D:1)
  4 kobolds
  6 rats
24 creatures vanquished.

Vanquished Creatures (others)
  7 toadstools (D:1)
7 creatures vanquished.

Grand Total: 31 creatures vanquished

Notes
Turn   | Place    | Note
-------+----------+-------------------------------------------
     0 | D:1      | Heskey the Naga Fighter began the quest for the Orb.
     0 | D:1      | Reached XP level 1. HP: 21/21 MP: 1/1
   333 | D:1      | Reached XP level 2. HP: 26/28 MP: 2/2
   744 | D:1      | You fall through a shaft!
   808 | D:2      | Reached XP level 3. HP: 15/36 MP: 3/3
  1251 | D:2      | Reached skill level 4 in Fighting
  1468 | D:2      | Reached XP level 4. HP: 44/44 MP: 4/4
  1528 | D:2      | Mangled by a gnoll

Skill      XL: |  1  2  3 |
---------------+----------+-----
Fighting       | 4 |  4.0
Polearms       | |  2.6
Armour         | |  2.6
Shields        | |  2.7

Action                   |  1- 3 |  4- 6 || total
-------------------------+-------+-------++-------
Melee: Trident           |   108 |    11 ||   119
 Abil: Spit Poison       |     1 |     1 ||     2
  Use: Potion            |     1 |       ||     1
  Eat: Chunk             |     1 |       ||     1
Armor: Scale mail        |    31 |     3 ||    34
Dodge: Dodged            |    24 |     1 ||    25
Block: Shield            |    49 |     5 ||    54
